 Dungeon Crawl Stone Soup version 0.19-a0-450-g98b348d (webtiles) character file.

100 Duffy the Sneak (level 5, 35/35 HPs)
             Began as a Formicid Enchanter on June 2, 2016.
             Quit the game on level 3 of the Dungeon.
             The game lasted 00:03:39 (2016 turns).

Duffy the Sneak (Formicid Enchanter)                Turns: 2016, Time: 00:03:40

Health: 35/35      AC:  5    Str: 10    XL:     5   Next: 3%
Magic:  8/8        EV: 12    Int: 15    God:
Gold:   70         SH:  0    Dex: 10    Spells: 3 memorised, 2 levels left

rFire  . . .     SeeInvis +     a - +1 dagger
rCold  . . .     Gourm    .     b - +1 robe
rNeg   . . .     Faith    .     (no shield)
rPois  .         Spirit   .     (helmet unavailable)
rElec  .         Dismiss  .     (no cloak)
rCorr  .         Reflect  .     k - +0 pair of gloves
SustAt .         Harm     .     h - +0 pair of boots
MR     .....                    (no amulet)
Stlth  +++.......               (no ring)
                                (no ring)

@: not resistant to hostile enchantments, fairly stealthy
A: permanent stasis, dig shafts and tunnels, four strong arms, antennae 3,
blurry vision 1, clumsy 1, weak 1, subdued magic 1
a: Dig, Shaft Self


You were on level 3 of the Dungeon.
You were not hungry.

You visited 1 branch of the dungeon, and saw 3 of its levels.

You collected 70 gold pieces.


Innate Abilities, Weirdness & Mutations

You are under a permanent stasis effect.
You can dig through walls and to a lower floor.
Your four strong arms can wield two-handed weapons with a shield.
You have a pair of large antennae on your head. (SInv)
Scrolls take you a little longer to read.
You are clumsy. (Dex -2)
You are weak. (Str -2)
Your spells are a little easier to cast, but a little less powerful.


   Skills:
 + Level 3.2 Short Blades
 - Level 1.7 Dodging
 - Level 5.0 Stealth
 - Level 2.1 Spellcasting
 + Level 3.9 Hexes


You had 2 spell levels left.
You knew the following spells:

 Your Spells              Type           Power        Failure   Level  Hunger
a - Ensorcelled Hibernat  Hex/Ice        #.....       12%         2    ###....
c - Confuse               Hex            ##......     12%         3    ###....
r - Corona                Hex            ##.....      3%          1    #......

Inventory:

Hand Weapons
 a - a +1 dagger (weapon)
 e - a +0 dagger of holy wrath
Missiles
 g - 12 poisoned needles
Armour
 b - a +1 robe (worn)
 h - a +0 pair of boots (worn)
 k - a +0 pair of gloves (worn)
Scrolls
 j - a scroll of remove curse {unknown}
 m - a scroll of magic mapping {unknown}
 n - 3 scrolls of recharging {unknown}
Potions
 l - 2 potions of might
 o - a potion of curing {unknown}
 p - a potion of cure mutation {unknown}
Books
 c - a book of Maledictions
Comestibles
 d - 2 bread rations
 f - 2 chunks of flesh

Dungeon Overview and Level Annotations

Branches:
Dungeon (3/15)

Altars:


Message History

A goblin comes into view. It is wielding a club.
You enter the shallow water.
Moving in this stuff is going to be slow.
The goblin hits you but does no damage. x2
You barely miss the goblin. The goblin misses you.
Cast which spell? (? or * to list)
Aiming: Ensorcelled Hibernation
Press: ? - help, Shift-Dir - straight line, f - goblin
Aim: a goblin, wielding a club (chance to defeat MR: 78%)
The goblin looks drowsy...
The helpless goblin fails to defend itself.
You impale the goblin!!
You kill the goblin!
p - a murky puce potion
Things that are here:
a club; a goblin corpse You butcher the goblin corpse.
f - 3 chunks of flesh (gained 1)
You see here a club.
You enter the shallow water.
Moving in this stuff is going to be slow.
There is an open door here.
You see here a dagger.
There is an open door here.
There is an escape hatch in the ceiling here.
Found 24 arrows.
You sense a monster nearby.
No target in view!
A rat comes into view.
Found a stone staircase leading up.
You barely miss the rat. The rat bites you.
You hit the rat but do no damage. The rat bites you but does no damage.
You hit the rat.
You kill the rat!
Eating one of 3 chunks of flesh.
This raw flesh tastes terrible.
You continue eating. x2
Done exploring.
(D) Dungeon
Where to? (* - list waypoints, Enter - D:2, ? - help)
There is a stone staircase leading up here.
There is a stone staircase leading down here.
You climb downwards.
You sense a monster nearby.
There is a stone staircase leading up here.
You feel extremely strange.
You feel clumsy.
Your vision blurs.
You feel clumsy.
You feel extremely strange.
Your connection to magic feels subdued.
You feel agile.
You feel weaker.
Are you sure you want to abandon this character and quit the game? (Confirm with "yes".)

#. #.
#. ..
#. #.
#.##
{ #@#
##.#
#.. {
....
.....
.....
..#.
.##


There were no monsters in sight!

Action                   |  1- 3 |  4- 6 || total
-------------------------+-------+-------++-------
Melee: Dagger            |   112 |    54 ||   166
 Cast: Ensorcelled Hiber |     5 |     3 ||     8
 Abil: Dig               |     2 |       ||     2
  Use: Scroll            |     2 |     1 ||     3
       Potion            |       |     2 ||     2
 Stab: Sleeping          |    10 |     6 ||    16
  Eat: Chunk             |     1 |     4 ||     5
Armor: Robe              |    37 |    19 ||    56
Dodge: Dodged            |    54 |    25 ||    79

Notes
Turn   | Place    | Note
--------------------------------------------------------------
     0 | D:1      | Duffy the Formicid Enchanter began the quest for the Orb.
     0 | D:1      | Reached XP level 1. HP: 13/13 MP: 3/3
   274 | D:1      | Reached XP level 2. HP: 19/19 MP: 5/5
   280 | D:1      | Learned a level 2 spell: Ensorcelled Hibernation
   332 | D:1      | Reached skill level 4 in Stealth
   386 | D:1      | Reached skill level 2 in Short Blades
   637 | D:1      | Reached XP level 3. HP: 23/24 MP: 6/6
   642 | D:1      | Learned a level 3 spell: Confuse
  1189 | D:2      | Reached XP level 4. HP: 12/30 MP: 1/7
  1696 | D:2      | Reached skill level 5 in Stealth
  1822 | D:2      | Reached skill level 3 in Short Blades
  1835 | D:2      | Noticed Natasha
  1837 | D:2      | Killed Natasha
  1837 | D:2      | Reached XP level 5. HP: 35/35 MP: 5/8
  2014 | D:3      | Gained mutation: You are clumsy. (Dex -2) [potion of mutation]
  2014 | D:3      | Gained mutation: Scrolls take you a little longer to read. [potion of mutation]
  2014 | D:3      | Gained mutation: You are very clumsy. (Dex -4) [potion of mutation]
  2015 | D:3      | Gained mutation: Your spells are a little easier to cast, but a little less powerful. [potion of mutation]
  2015 | D:3      | Lost mutation: You are very clumsy. (Dex -4) [potion of mutation]
  2015 | D:3      | Gained mutation: You are weak. (Str -2) [potion of mutation]
  2016 | D:3      | Quit the game

Skill      XL: |  1  2  3  4 |
---------------+-------------+-----
Stealth        | 4 5 |  5.0
Short Blades   | 2 3 |  3.2
Dodging        | |  1.7
Spellcasting   | |  2.1
Hexes          | |  3.9

Vault maps used:
D:1:      minmay_arrival_stone_box
D:2:      serial_undead, serial_undead_e, serial_undead_b, serial_undead_a,
          serial_undead_a, serial_undead_f, serial_undead_b,
          serial_bayou_crossing, uniq_natasha
D:3:      minmay_door_path, first_bread, feat_on_display

Vanquished Creatures
  Natasha
  2 adders
  An adder zombie
  A worm
  A giant gecko
  2 bat zombies
  A giant cockroach
  6 goblins
  5 hobgoblins
  A jackal
  10 kobolds
  A quokka
  A ball python
  4 bats
  A giant gecko skeleton
  A giant gecko zombie
  A quokka skeleton
  11 rats
51 creatures vanquished.
